 Dungeon Crawl Stone Soup version 0.20.0-8-g6b59dc7 (webtiles) character file.

1929 ghjk the Cleaver (level 8, 0/70 HPs)
             Began as a Minotaur Fighter on May 31, 2017.
             Killed by vampiric draining
             ... invoked by DogShitOnMyToe's ghost
              (16 damage)
             ... on level 6 of the Dungeon.
             The game lasted 00:11:55 (5068 turns).

ghjk the Cleaver (Minotaur Fighter)                 Turns: 5068, Time: 00:11:55

Health: 0/70       AC: 13    Str: 29    XL:     8   Next: 96%
Magic:  16/16      EV:  6    Int:  5    God:
Gold:   271        SH: 10    Dex:  9    Spells: 7/7 levels left

rFire    . . .     SeeInvis .   n - +0 hand axe
rCold    . . .     Gourm    .   c - +0 shield
rNeg     . . .     Faith    .   o - +0 plate armour
rPois    +         Spirit   .   (helmet restricted)
rElec    .         Reflect  .   (no cloak)
rCorr    .         Harm     .   (no gloves)
MR       .....                  (no boots)
Stlth    ..........             (no amulet)
Regen    0.3/turn               g - ring of magical power
MPRegen  0.2/turn               w - ring of poison resistance

@: mighty
A: retaliatory headbutt, horns 2
a: no special abilities


You were on level 6 of the Dungeon.
You were hungry.

You visited 1 branch of the dungeon, and saw 6 of its levels.
You also visited: Sewer and Ossuary.

You collected 333 gold pieces.
You spent 62 gold pieces at shops.

Inventory:

Hand Weapons
 a - a +0 war axe
 e - a cursed +0 flail
 n - a +0 hand axe (weapon)
 v - a +1 war axe of chopping
Armour
 b - a +0 scale mail
 c - a +0 shield (worn)
 o - a +0 plate armour (worn)
Jewellery
 g - a ring of magical power (left hand)
 w - a ring of poison resistance (right hand)
Scrolls
 k - 2 scrolls of fog
 m - 3 scrolls of remove curse
 r - 3 scrolls of identify
 s - a scroll of amnesia {unknown}
 u - 3 scrolls of enchant weapon {unknown}
 x - a scroll of magic mapping
 y - a scroll of random uselessness {unknown}
 A - a scroll of noise {unknown}
 B - a scroll of teleportation {unknown}
Potions
 h - 2 potions of lignification
 i - 6 potions of curing
 j - a potion of heal wounds
 p - 2 potions of invisibility {unknown}
 q - a potion of berserk rage
 z - 2 potions of haste {unknown}
Books
 t - a book of Conjurations

   Spells                             Type                      Level
   a - Magic Dart                     Conjuration                  1
   b - Searing Ray                    Conjuration                  2
   c - Dazzling Spray                 Conjuration/Hexes            3
   d - Fulminant Prism                Conjuration/Hexes            4
   e - Force Lance                    Conjuration/Translocation    4
   f - Iskenderun's Mystic Blast      Conjuration                  4
Comestibles
 f - 6 bread rations
 l - 2 meat rations
 C - 2 chunks of flesh


   Skills:
 + Level 6.0 Fighting
 * Level 10.3 Axes
 * Level 8.1 Armour
 + Level 2.1 Dodging
 - Level 4.7 Shields


You had 7 spell levels left.
You didn't know any spells.

Dungeon Overview and Level Annotations

Branches:
Dungeon (6/15)
 Temple: D:4-7

Altars:
Uskayaw
Yredelemnul
Zin

Shops:
D:4 %   D:5 *

Annotations:
D:6 DogShitOnMyToe's ghost, novice TeWn


Innate Abilities, Weirdness & Mutations

You reflexively headbutt those who attack you in melee.
You have a pair of horns on your head.


Message History

DogShitOnMyToe's ghost is heavily damaged.
You block DogShitOnMyToe's ghost's attack.
Your shield and plate armour prevent you from hitting DogShitOnMyToe's ghost.
DogShitOnMyToe's ghost is heavily damaged.
You slash DogShitOnMyToe's ghost!
DogShitOnMyToe's ghost is almost destroyed.
DogShitOnMyToe's ghost is infused with unholy energy.
* * * LOW HITPOINT WARNING * * *
DogShitOnMyToe's ghost draws life force from you and is healed!
You closely miss DogShitOnMyToe's ghost.
DogShitOnMyToe's ghost is severely damaged.
DogShitOnMyToe's ghost hits you but does no damage.
You miss DogShitOnMyToe's ghost.
DogShitOnMyToe's ghost is severely damaged.
DogShitOnMyToe's ghost hits you.
* * * LOW HITPOINT WARNING * * *
You barely miss DogShitOnMyToe's ghost.
DogShitOnMyToe's ghost is severely damaged.
DogShitOnMyToe's ghost is infused with unholy energy.
You die...

##.####.##........#######
# #.# .##...............
# #.# #........# # ##.#
##........# # ...#
#.........# # ####
#.##.##.#†# # (..
#.#.########## # #....
#.W.........(# #
#.8..._.$.8.
##@#########.# #
#....!)%.... #.# #.# #
#.8......W8. #.# #.# #
#........... #.# #.# #
#.8.o..o. #.# #.# #
##...oo. #.# #.# #
.....##.### #.# #.######
...........
#.#########.......
..Fo#######
#............#####


You could see DogShitOnMyToe's ghost.

Vanquished Creatures
  Eustachio (D:6)
  An ice beast (D:5)
  A phantom (D:4)
  A sky beast (D:6)
  A centaur (D:5)
  4 ogres (D:5)
  A crocodile (Sewer)
  2 bullfrogs (D:6)
  3 elf zombies (Ossuary)
  Blork the orc (D:6)
  A howler monkey (D:5)
  A centaur zombie (Ossuary)
  2 crimson imps
  A hound (D:6)
  A jelly (D:6)
  A bullfrog skeleton (D:6)
  2 orc wizards
  A worker ant (D:6)
  A hound zombie (Ossuary)
  2 hound skeletons
  3 mummies (Ossuary)
  A gnoll (D:1)
  6 adders
  A worker ant zombie (D:5)
  A shadow imp (D:5)
  An ooze (D:1)
  4 adder zombies (Ossuary)
  2 dart slugs
  5 leopard geckos
  11 orcs
  10 giant cockroaches
  4 gnoll zombies (Ossuary)
  12 goblins
  6 hobgoblins
  5 jackals
  9 kobolds
  4 quokkas
  19 bats
  10 frilled lizards
  4 goblin zombies (Ossuary)
  6 hobgoblin zombies (Ossuary)
  5 jackal zombies (Ossuary)
  2 kobold zombies (Ossuary)
  An orc zombie (Ossuary)
  2 quokka zombies (Ossuary)
  10 rats
  3 rat zombies (Ossuary)
176 creatures vanquished.

Notes
Turn   | Place    | Note
-------+----------+-------------------------------------------
     0 | D:1      | ghjk the Minotaur Fighter began the quest for the Orb.
     0 | D:1      | Reached XP level 1. HP: 19/19 MP: 0/0
   138 | D:1      | Reached XP level 2. HP: 26/27 MP: 1/1
   515 | D:1      | Reached skill level 3 in Axes
   625 | D:1      | Reached XP level 3. HP: 31/33 MP: 2/2
  1280 | D:2      | Reached XP level 4. HP: 35/40 MP: 3/3
  1418 | D:2      | Reached skill level 4 in Axes
  1943 | D:3      | Reached XP level 5. HP: 28/46 MP: 4/4
  2289 | D:3      | Reached skill level 5 in Axes
  2470 | D:4      | Noticed a phantom
  2522 | D:4      | Killed a phantom
  2522 | D:4      | Reached skill level 5 in Armour
  2522 | D:4      | Reached XP level 6. HP: 31/52 MP: 5/5
  2626 | D:4      | Found Adiub's Food Boutique.
  2690 | D:4      | Found a glowing silver altar of Zin.
  3152 | D:4      | Found a glowing drain.
  3172 | Sewer    | Entered a sewer
  3216 | Sewer    | Reached skill level 6 in Axes
  3284 | D:5      | Entered Level 5 of the Dungeon
  3298 | D:5      | Reached skill level 1 in Dodging
  3322 | D:5      | Reached XP level 7. HP: 60/60 MP: 6/6
  3435 | D:5      | Reached skill level 7 in Axes
  3508 | D:5      | Reached skill level 5 in Fighting
  3653 | D:5      | Reached skill level 8 in Axes
  3653 | D:5      | Reached XP level 8. HP: 51/68 MP: 7/7
  3735 | D:5      | Found Rycoq's Assorted Antiques.
  3743 | D:5      | Bought a scroll of identify for 62 gold pieces
  3816 | D:5      | Found a basalt altar of Yredelemnul.
  3990 | D:6      | Noticed DogShitOnMyToe's ghost (novice TeWn)
  3992 | D:6      | Found a hide-covered altar of Uskayaw.
  3992 | D:6      | Noticed Blork the orc
  4312 | D:6      | Reached skill level 9 in Axes
  4330 | D:6      | Found a sand-covered staircase.
  4341 | Ossuary  | Entered an ossuary
  4712 | D:6      | Killed Blork the orc
  4764 | D:6      | Noticed Eustachio
  4802 | D:6      | Killed Eustachio
  4802 | D:6      | Reached skill level 10 in Axes
  5068 | D:6      | Killed from afar by DogShitOnMyToe's ghost

Skill      XL: |  1  2  3  4  5  6  7  8 |
---------------+-------------------------+-----
Armour         | 4 5 6 8 |  8.1
Axes           | 3 4 5 6 8 10 | 10.3
Shields        | 4 |  4.7
Fighting       | 4 5 6 |  6.0
Dodging        | 1 2 |  2.1

Action                   |  1- 3 |  4- 6 |  7- 9 || total
-------------------------+-------+-------+-------++-------
Melee: War axe           |   107 |    55 |       ||   162
       Headbutt          |    17 |    28 |    70 ||   115
       Hand axe          |       |   138 |   388 ||   526
  Use: Scroll            |     4 |     7 |       ||    11
       Potion            |       |       |     1 ||     1
  Eat: Chunk             |     1 |     7 |     6 ||    14
Armor: Scale mail        |    53 |    47 |       ||   100
       Plate armour      |       |    36 |   121 ||   157
Dodge: Dodged            |    29 |    57 |    59 ||   145
Block: Shield            |    64 |    98 |   140 ||   302
